AoeStats
← muelaluis19

Coastal Forest

510639846Analyzed
2v2 RM · 24h ago on Oct 1, 2026· 31m 21s· 4 players
Game mode
Random Map
Map size
Medium (4 player)
Population
200
Speed
Normal
Resources
Standard
Victory
Conquest
Starting age
Dark Age
Ending age
Imperial Age
RankedLock teamsTeams togetherTeam positionsShared explorationLock speedFull tech treeHidden civsTurbo modeCheats
Victory
Defeat
🇲🇽 Persians · Mexico
737
+14
🇵🇪 Bulgarians · Peru
727
+14
🇦🇺 Goths · Australia
697
-14
🇨🇴 Franks · Colombia
697
-14
AngeloCDLM1946
10:53 Feudal Age
12:42 Double-Bit Axe
15:06 Town Watch
15:08 Loom
16:25 Man-at-Arms
20:37 Wheelbarrow
26:25 Gold Mining
rich_jess
0:54 Loom
15:28 Feudal Age
18:05 Man-at-Arms
23:39 Forging
23:31 Scale Mail Armor
muelaluis19
8:52 Loom
12:28 Feudal Age
20:06 Castle Age
20:09 Double-Bit Axe
20:19 Gold Mining
20:58 Scale Barding Armor
26:43 Husbandry
31:09 Gold Shaft Mining
Patt
13:31 Feudal Age
14:24 Arson
15:46 Double-Bit Axe
20:02 Scale Mail Armor
20:12 Forging
30:07 Castle Age
31:16 Loom
Connection lost

Rejoining the realm…

Still unreachable

The connection could not be restored.

Session expired

The server has moved on; the page needs a fresh start.